 Dungeon Crawl Stone Soup version bcrawl-1.12-8-g964540c432 (webtiles) character file.

Game seed: 3663507502853232125

48 MisterOstroum the Skirmisher (level 3, -1/29 HPs)
             Began as a Demonspawn Archaeologist on June 3, 2019.
             Slain by Sigmund
             ... wielding a +0 scythe
              (3 damage)
             ... on level 2 of the Dungeon.
             The game lasted 00:03:18 (1828 turns).

MisterOstroum the Skirmisher (DsAc)                 Turns: 1828, Time: 00:03:18

Health: -1/29      AC: 13    Str: 12    XL:     3   Next: 50%
Magic:  0/4        EV:  5    Int: 15    God:
Gold:   102        SH:  0    Dex: 11    Spells: 4/4 levels left

rFire    . . .     SeeInvis .   h - +0 short sword
rCold    + . .     Gourm    .   (no shield)
rNeg     . . .     Faith    .   k - +0 chain mail
rPois    +         Spirit   +   b - +1 hat
rElec    .         Reflect  .   (no cloak)
rCorr    .         Harm     .   d - +1 pair of gloves
MR       .....                  c - +1 pair of boots
Stlth    ..........             (no amulet)
HPRegen  0.09/turn              q - ring of poison resistance
MPRegen  0.09/turn              (no ring)

@: studying Spellcasting
A: cold resistance 1, magic shield
a: no special abilities


You were on level 2 of the Dungeon.
You were very hungry.

You visited 1 branch of the dungeon, and saw 2 of its levels.

You collected 102 gold pieces.

Inventory:

Hand Weapons
 h - a +0 short sword (weapon)
 n - a +0 whip
Armour
 a - a +1 robe
 b - a +1 hat (worn)
 c - a +1 pair of boots (worn)
 d - a +1 pair of gloves (worn)
 k - a +0 chain mail (worn)
Jewellery
 q - a ring of poison resistance (left hand)
Scrolls
 i - 3 scrolls of magic mapping {unknown}
 j - 3 scrolls of identify {unknown}
 l - 2 scrolls of remove curse {unknown}
 m - a scroll of teleportation {unknown}
 p - a scroll of amnesia {unknown}
Potions
 o - a potion of curing {unknown}
 r - a potion of invisibility {unknown}
Books
 g - a manual of Spellcasting
Miscellaneous
 f - an ancient crate
Comestibles
 e - 3 rations {!d}


   Skills:
 + Level 3.2 Fighting
 - Level 2.6 Dodging
 - Level 3.0 Stealth
 + Level 1.2 Spellcasting


You had 4 spell levels left.
You didn't know any spells.
Your spell library was empty.

Dungeon Overview and Level Annotations

Branches:
Dungeon (2/12)

Altars:
Trog

Annotations:
D:2 Sigmund


Innate Abilities, Weirdness & Mutations

Your flesh is cold resistant. (rC+)
When hurt, damage is shared between your health and your magic reserves.


Message History

You hit Sigmund.
Sigmund is lightly wounded.
You closely miss Sigmund.
Sigmund is lightly wounded.
Sigmund hits you but does no damage.
You closely miss Sigmund.
Sigmund is lightly wounded.
Sigmund hits you but does no damage.
Your chain mail prevents you from hitting Sigmund.
Sigmund is lightly wounded.
Your chain mail prevents you from hitting Sigmund.
Sigmund is lightly wounded.
Sigmund hits you with a +0 scythe.
You hit Sigmund but do no damage.
Sigmund is lightly wounded.
Sigmund closely misses you.
You closely miss Sigmund.
Sigmund is lightly wounded.
Sigmund hits you but does no damage.
You closely miss Sigmund.
Sigmund is lightly wounded.
You hit Sigmund.
Sigmund is moderately wounded.
Sigmund points at you and mumbles some strange words.
The magic dart hits you!
You closely miss Sigmund.
Sigmund is moderately wounded.
Sigmund hits you with a +0 scythe!
You barely miss Sigmund.
Sigmund is moderately wounded.
Sigmund hits you but does no damage.
You hit Sigmund.
Sigmund is moderately wounded.
Sigmund completely misses you.
You hit Sigmund.
Sigmund is heavily wounded.
You hit Sigmund.
Sigmund is heavily wounded.
Sigmund hits you but does no damage.
You closely miss Sigmund.
Sigmund is heavily wounded.
Sigmund hits you but does no damage.
You hit Sigmund.
Sigmund is severely wounded.
Sigmund barely misses you.
You closely miss Sigmund.
Sigmund is severely wounded.
You barely miss Sigmund.
Sigmund is severely wounded.
Sigmund hits you but does no damage.
You hit Sigmund but do no damage.
Sigmund is severely wounded.
Sigmund hits you but does no damage.
Your chain mail prevents you from hitting Sigmund.
Sigmund is severely wounded.
Sigmund hits you but does no damage.
You hit Sigmund.
Sigmund is severely wounded.
Your chain mail prevents you from hitting Sigmund.
Sigmund is severely wounded.
Sigmund gestures wildly while chanting.
Sigmund flickers and vanishes!
Deactivating autopickup; reactivate with Ctrl-A.
You hit something but do no damage. Something hits you!
Your chain mail prevents you from hitting something.
You closely miss something.
A jackal comes into view.
Something hits you but does no damage.
You hit something but do no damage. Something hits you.
Your chain mail prevents you from hitting something.
You closely miss something. Something hits you.
* * * LOW HITPOINT WARNING * * *
The jackal bites you but does no damage.
Your chain mail prevents you from hitting something.
The jackal barely misses you. Something hits you.
* * * LOW HITPOINT WARNING * * *
The jackal bites you but does no damage.
Your chain mail prevents you from hitting something.
The jackal barely misses you. Something hits you but does no damage.
You closely miss something.
The jackal bites you but does no damage. x2
You barely miss something. The jackal completely misses you.
Something hits you.
* * * LOW HITPOINT WARNING * * *
You hit something.
The jackal bites you but does no damage. x2
Something hits you but does no damage.
You closely miss something.
The jackal bites you but does no damage.
You closely miss something.
The jackal bites you but does no damage.
Something hits you but does no damage.
The jackal bites you but does no damage.
You miss something.
The jackal bites you but does no damage.
Something hits you but does no damage.
You completely miss something. The jackal bites you.
* * * LOW HITPOINT WARNING * * *
The jackal barely misses you. Something hits you.
You die...

... ## ... #.### ... #.#.
#.. #..####.# #..
#.h@{..# #. #.#
#.####..######### #(# #.#
#...............# #.# #.#
#.####..#######.###.###.#
#..#######.##...##.#
#.....[..#.#.....#..
##.#####.#.........# #.#
##..........## #.#
#...........#.


You could see a jackal.

Vanquished Creatures
  3 worms (D:2)
  A dart slug (D:1)
  4 leopard geckos (D:1)
  A giant cockroach (D:2)
  3 goblins (D:1)
  4 hobgoblins
  3 jackals (D:1)
  5 kobolds
  2 ball pythons
  3 bats (D:2)
  3 frilled lizards (D:2)
32 creatures vanquished.

Notes
Turn   | Place    | Note
-------+----------+-------------------------------------------
     0 | D:1      | MisterOstroum the Demonspawn Archaeologist began the quest
                  | for the Orb.
     0 | D:1      | Reached XP level 1. HP: 15/15 MP: 1/1
   375 | D:1      | Gained mutation: Your flesh is cold resistant. (rC+)
                  | [demonic ancestry]
   375 | D:1      | Reached XP level 2. HP: 22/22 MP: 2/2
  1176 | D:2      | Gained mutation: When hurt, damage is shared between your
                  | health and your magic reserves. [demonic ancestry]
  1176 | D:2      | Reached XP level 3. HP: 27/29 MP: 3/3
  1381 | D:2      | Reached skill level 1 in Spellcasting
  1745 | D:2      | Found a bloodstained altar of Trog.
  1779 | D:2      | Noticed Sigmund
  1828 | D:2      | Slain by Sigmund

Skill      XL: |  1  2  3 |
---------------+----------+-----
Fighting       | 2 3 |  3.2
Spellcasting   | 1 |  1.2
Dodging        | |  2.6
Stealth        | |  3.0

Action                   || total
-------------------------++-------
Melee: Unarmed           ||    35
       Short sword       ||   253
 Stab: Sleeping          ||     2
  Eat: Chunk             ||     2
Armor: Robe              ||    15
       Chain mail        ||   190
Dodge: Dodged            ||   103
